 Dungeon Crawl Stone Soup version 0.28.0-53-g5a82cb258f (webtiles) character file.

Game seed: 9643215164343233457

2480 issech the Spear-Bearer (level 9, -8/78 HPs)
             Began as a Minotaur Monk on May 30, 2022.
             Mangled by an orc warrior
             ... wielding a +0 battleaxe
              (13 damage)
             ... on level 6 of the Dungeon.
             The game lasted 00:18:53 (7020 turns).

issech the Spear-Bearer (Minotaur Monk)             Turns: 7020, Time: 00:18:53

Health: -8/78      AC: 16    Str: 16    XL:     9   Next: 27%
Magic:  17/17      EV:  7    Int:  7    God:
Gold:   185        SH:  4    Dex: 17    Spells: 8/8 levels left

rFire   . . .      SeeInvis .   G - +2 trident
rCold   . . .      Faith    .   h - +0 buckler
rNeg    . . .      Spirit   .   J - +0 plate armour
rPois   .          Reflect  .   (helmet restricted)
rElec   .          Harm     .   s - +0 cloak
rCorr   .          Rampage  .   (no gloves)
Will    .....                   u - +0 pair of boots
Stlth   ..........              (no amulet)
HPRegen 0.23/turn               D - ring of magical power
MPRegen 0.15/turn               (no ring)

@: studying Maces & Flails
A: horns 2, retaliatory headbutt
a: no special abilities


You were on level 6 of the Dungeon.
You visited 1 branch of the dungeon, and saw 6 of its levels.

You collected 185 gold pieces.

Inventory:

Hand Weapons
 b - a +2 rapier of speed
 e - a +0 shortbow
 l - a +1 dagger of venom
 x - a +0 hunting sling
 A - a +0 war axe
 F - a +0 morningstar
 G - a +2 trident (weapon)
 H - a +0 war axe
Missiles
 a - a throwing net
 g - 126 stones (quivered)
 q - 34 arrows
 r - 15 sling bullets
 I - 4 curare-tipped darts
Armour
 h - a +0 buckler (worn)
 j - +0 steam dragon scales
 s - a +0 cloak (worn)
 u - a +0 pair of boots (worn)
 w - a +0 ring mail
 J - a +0 plate armour (worn)
Jewellery
 D - a ring of magical power (left hand)
Wands
 d - a wand of charming (13)
 E - a wand of paralysis (2)
Scrolls
 c - 3 scrolls of teleportation {unknown}
 k - a scroll of enchant armour {unknown}
 o - a scroll of magic mapping {unknown}
 t - a scroll of fog {unknown}
 v - 2 scrolls of fear {unknown}
 y - a scroll of immolation {unknown}
 C - 4 scrolls of identify {unknown}
Potions
 f - a potion of lignification {unknown}
 i - a potion of might {unknown}
 m - a potion of haste
 n - 3 potions of heal wounds {unknown}
 p - 2 potions of flight {unknown}
 z - a potion of curing {unknown}
 B - a potion of brilliance {unknown}


   Skills:
 + Level 6.6 Fighting
 + Level 2.5 Short Blades
 + Level 4.7(7.1) Axes
 + Level 8.3(8.9) Polearms
 + Level 1.0 Throwing
 + Level 7.5 Armour
 + Level 5.8 Dodging
 + Level 3.1 Stealth
 + Level 0.2 Shields


You had 8 spell levels left.
You didn't know any spells.
Your spell library contained the following spells:

 Spells                   Type           Power      Damage    Failure   Level
 Frozen Ramparts          Ice            0%         1d2       100%        3
 Ice Form                 Ice/Tmut       0%         N/A       100%        4
 Summon Ice Beast         Ice/Summ       0%         N/A       100%        4


Dungeon Overview and Level Annotations

Branches:
Dungeon (6/15)
 Temple: D:4-7

Altars:

Annotations:
D:4 2 transporters, ProxyOne's ghost, weakling DrTm


Innate Abilities, Weirdness & Mutations

You have a pair of horns on your head.
You reflexively headbutt those who attack you in melee.


Message History

You hit the orc warrior but do no damage.
The orc warrior is moderately wounded.
You hit the orc warrior but do no damage.
You headbutt the orc warrior, but do no damage.
The orc warrior is moderately wounded.
The orc warrior hits you but does no damage.
You hit the orc warrior.
You headbutt the orc warrior, but do no damage.
The orc warrior is moderately wounded.
The orc warrior hits you with a +0 battleaxe!
* * * LOW HITPOINT WARNING * * *
You hit the orc warrior. Your headbutt misses the orc warrior.
The orc warrior is heavily wounded.
The orc warrior barely misses you.
You barely miss the orc warrior.
The orc warrior is heavily wounded.
The orc warrior closely misses you.
You closely miss the orc warrior.
The orc warrior is heavily wounded.
The orc warrior hits you with a +0 battleaxe.
* * * LOW HITPOINT WARNING * * *
You hit the orc warrior.
You headbutt the orc warrior, but do no damage.
The orc warrior is severely wounded.
The orc warrior hits you with a +0 battleaxe.
* * * LOW HITPOINT WARNING * * *
You barely miss the orc warrior.
The orc warrior is severely wounded.
The orc warrior barely misses you. You furiously retaliate!
You headbutt the orc warrior, but do no damage.
You hit the orc warrior.
You headbutt the orc warrior, but do no damage.
The orc warrior is almost dead.
The orc warrior barely misses you. You furiously retaliate!
You headbutt the orc warrior.
You hit the orc warrior but do no damage.
Your headbutt misses the orc warrior.
The orc warrior is almost dead.
The orc warrior hits you with a +0 battleaxe!
You die...

# ....########
#....<.)@#
#############o#
#...#########.###
#.....ooĆ·.......#
#...#######.#.#.#
##.## #....... #.#
#.#.#.### #.#
#.....# #.#
###.###


You could see an orc warrior.

Vanquished Creatures
  A steam dragon (D:5)
  5 yaks
  Eustachio (D:5)
  A water moccasin (D:5)
  A sky beast (D:6)
  2 necrophages
  3 ogres
  A centaur (D:5)
  A phantom (D:5)
  A water moccasin skeleton (D:5)
  4 wights
  A howler monkey (D:6)
  2 bullfrog zombies
  2 bullfrog skeletons (D:5)
  A hound (D:6)
  A scorpion zombie (D:5)
  An iguana (D:4)
  A killer bee zombie (D:4)
  A hound skeleton (D:5)
  15 adders
  A gnoll (D:1)
  A white imp (D:6)
  A worm (D:3)
  4 dart slugs
  An orc (D:6)
  10 ball pythons
  4 endoplasms
  2 giant cockroaches (D:1)
  13 goblins
  5 hobgoblins
  6 jackals
  4 kobolds
  2 quokkas
  7 bats (D:1)
  5 frilled lizards
  4 rats
116 creatures vanquished.

Vanquished Creatures (others)
  7 plants (D:1)
7 creatures vanquished.

Grand Total: 123 creatures vanquished

Notes
Turn   | Place    | Note
-------+----------+-------------------------------------------
     0 | D:1      | issech the Minotaur Monk began the quest for the Orb.
     0 | D:1      | Reached XP level 1. HP: 19/19 MP: 0/0
   258 | D:1      | Reached XP level 2. HP: 27/27 MP: 1/1
   591 | D:1      | Reached XP level 3. HP: 33/33 MP: 2/2
   695 | D:1      | Found a faded altar of an unknown god.
   695 | D:1      | Noticed a chaos spawn
  1196 | D:2      | Reached XP level 4. HP: 28/40 MP: 3/3
  1914 | D:3      | Reached skill level 1 in Armour
  2169 | D:3      | Reached XP level 5. HP: 47/47 MP: 4/4
  2648 | D:3      | Reached skill level 1 in Short Blades
  2960 | D:4      | Noticed a yak
  2960 | D:4      | Noticed a yak
  2960 | D:4      | Noticed a yak
  2960 | D:4      | Noticed a yak
  2975 | D:3      | Killed a yak
  2976 | D:3      | Reached skill level 5 in Dodging
  2976 | D:3      | Reached XP level 6. HP: 9/53 MP: 5/5
  3880 | D:4      | Reached XP level 7. HP: 46/55 MP: 6/6
  4096 | D:3      | Killed a yak
  4097 | D:3      | Reached skill level 5 in Fighting
  4097 | D:3      | Reached skill level 1 in Polearms
  4097 | D:3      | Reached skill level 5 in Armour
  4285 | D:3      | Killed a yak
  4286 | D:3      | Reached skill level 2 in Polearms
  4471 | D:4      | Killed a yak
  4472 | D:4      | Reached skill level 3 in Polearms
  4740 | D:4      | Reached XP level 8. HP: 62/69 MP: 7/7
  4887 | D:4      | Reached skill level 1 in Throwing
  4995 | D:4      | Found a transporter.
  4999 | D:4      | Noticed ProxyOne's ghost (weakling DrTm)
  5000 | D:4      | Found a transporter.
  5043 | D:4      | Reached skill level 4 in Polearms
  5328 | D:5      | Entered Level 5 of the Dungeon
  5425 | D:5      | Noticed Eustachio
  5439 | D:5      | Reached skill level 5 in Polearms
  5443 | D:5      | Killed Eustachio
  5464 | D:5      | Reached skill level 6 in Polearms
  6021 | D:5      | Reached skill level 7 in Polearms
  6021 | D:5      | Reached XP level 9. HP: 41/78 MP: 8/8
  6447 | D:6      | Reached skill level 8 in Polearms
  6647 | D:6      | HP: 1/78 [orc warrior/stone (6)]
  7020 | D:6      | Mangled by an orc warrior

Illustrated notes

Levels and vault maps discovered:
D:1:      enne_arrival_octagon_isle, layout_loops_ring,
          dreamdust_ecumenical_altar_sealed_demon, nicolae_grassy_gnolls
D:2:      layout_rooms, grunt_ministairs_3, kennysheep_nondescript,
          minmay_misc_feat_x, minmay_hedge_maze
D:3:      layout_basic, minmay_snake_closets
D:4:      layout_basic, gammafunk_ghost_mausoleum
D:5:      layout_basic, minmay_manual_mess, uniq_eustachio
D:6:      layout_loops_ring, chequers_serial_rivers_room_a

Skill      XL: |  1  2  3  4  5  6  7  8  9 |
---------------+----------------------------+-----
Axes           | 4 |  4.7
Fighting       | 4 5 6 |  6.6
Dodging        | 4 5 |  5.8
Armour         | 2 3 4 5 7 |  7.5
Stealth        | 2 3 |  3.1
Short Blades   | 1 2 |  2.5
Polearms       | 3 7 8 |  8.3
Throwing       | 1 |  1.0
Shields        | |  0.2

Action                   |  1- 3 |  4- 6 |  7- 9 || total
-------------------------+-------+-------+-------++-------
Melee: Hand axe          |    51 |       |       ||    51
       Headbutt          |     8 |    22 |    42 ||    72
       Dagger            |    45 |    97 |       ||   142
       Punch             |       |     1 |       ||     1
       Halberd           |       |    11 |       ||    11
       Trident           |       |       |   195 ||   195
Throw: Stone             |       |     7 |    13 ||    20
 Stab: Sleeping          |     2 |       |     1 ||     3
Armor: Robe              |     8 |       |       ||     8
       Leather armour    |    14 |     6 |       ||    20
       Ring mail         |       |    20 |    47 ||    67
       Steam dragon scal |       |       |     6 ||     6
       Plate armour      |       |       |     3 ||     3
Dodge: Dodged            |    90 |    89 |    90 ||   269
Block: Buckler           |       |       |     4 ||     4
